 Dungeon Crawl Stone Soup version 0.29.1-12-g30fa7ad0bf (webtiles) character file.

Game seed: 5658485003601113458

65 ChrisAssaf the Sneak (level 4, -3/31 HPs)
             Began as a Human Enchanter on Dec 29, 2022.
             Was an Initiate of Ru.
             Succumbed to a scorpion's poison
             ... on level 4 of the Dungeon.
             The game lasted 00:08:33 (1769 turns).

ChrisAssaf the Sneak (Human Enchanter)              Turns: 1769, Time: 00:08:34

Health: -3/31      AC:  3    Str: 11    XL:     4   Next: 35%
Magic:  1/7        EV: 12    Int: 15    God:    Ru [......]
Gold:   24         SH:  0    Dex: 16    Spells: 1/7 levels left

rFire   + . .      SeeInvis .   a - +1 dagger
rCold   . . .      Faith    .   (no shield)
rNeg    . . .      Spirit   .   b - +0 robe
rPois   .          Reflect  .   (no helmet)
rElec   .          Harm     .   (no cloak)
rCorr   .          Rampage  .   g - +0 pair of gloves of Lamo {rF+ Dex+3}
Will    .....                   (no boots)
Stlth   +++.......              (no amulet)
HPRegen 0.10/turn               (no ring)
MPRegen 0.10/turn               (no ring)

@: lethally poisoned (-3 -> -21)
A: no striking features
a: Renounce Religion


You were on level 4 of the Dungeon.
You worshipped Ru.
Ru was noncommittal.
You visited 1 branch of the dungeon, and saw 4 of its levels.

You collected 52 gold pieces.
You spent 28 gold pieces at shops.

Inventory:

Hand Weapons
 a - a +1 dagger (weapon)
Armour
 b - a +0 robe (worn)
 g - the +0 pair of gloves of Lamo (worn) {rF+ Dex+3}
   (You found it on level 2 of the Dungeon)

   Dex:       It affects your dexterity (+3).
   rF:        It protects you from fire.
Scrolls
 c - 2 scrolls of identify
 f - a scroll of magic mapping
Potions
 h - a potion of resistance


   Skills:
 * Level 0.5 Fighting
 * Level 1.3 Short Blades
 * Level 0.3 Throwing
 * Level 0.4 Armour
 * Level 2.2 Dodging
 * Level 3.5 Stealth
 * Level 2.2 Spellcasting
 * Level 3.3 Hexes
 * Level 0.2 Transmutations
 * Level 1.1 Ice Magic


You had one spell level left.
You knew the following spells:

 Your Spells              Type           Power      Damage    Failure   Level
a - Ensorcelled Hibernat  Hex/Ice        16%        N/A       13%         2
b - Tukima's Dance        Hex            11%        N/A       17%         3
c - Beastly Appendage     Tmut           4%         N/A       21%         1

Your spell library contained the following spells:

 Spells                   Type           Power      Damage    Failure   Level
 Confusing Touch          Hex            11%        N/A       17%         3
 Wereblood                Tmut           2%         N/A       30%         2
 Dazzling Flash           Conj/Hex       12%        N/A       32%         3
 Gell's Gravitas          Tloc           1%         N/A       54%         3
 Lesser Beckoning         Tloc           1%         N/A       54%         3
 Spider Form              Tmut/Pois      1%         N/A       54%         3
 Teleport Other           Tloc           1%         N/A       54%         3


Dungeon Overview and Level Annotations

Branches:
Dungeon (4/15)
 Temple: D:4-7

Altars:
Dithmenos
Ru

Shops:
D:1 *


Message History

The scorpion stings you but does no damage.
You closely miss the scorpion.
The scorpion is severely wounded.
The scorpion stings you.
You closely miss the scorpion.
The scorpion is severely wounded.
The scorpion stings you.
Casting: Ensorcelled Hibernation (safe; 13% risk of failure)
Confirm with . or Enter, or press ? or * to list all spells.
Aiming: Ensorcelled Hibernation (safe; 13% risk of failure)
Press: ? - help, Shift-Dir - straight line, f/p - scorpion
Aim: a scorpion (severely wounded, chance to affect: 41%)
The scorpion resists with some effort.
The scorpion stings you. The scorpion closely misses you.
Unknown command.
You closely miss the scorpion.
The scorpion is severely wounded.
The scorpion stings you.
You are lethally poisoned!
The scorpion poisons you!
You hit the scorpion but do no damage.
The scorpion is severely wounded.
* * * LOW HITPOINT WARNING * * *
You feel very sick. The scorpion misses you.
You hit the scorpion but do no damage.
The scorpion is severely wounded.
* * * LOW HITPOINT WARNING * * *
You feel sick. The scorpion closely misses you.
Okay, then.
You hit the scorpion but do no damage.
The scorpion is severely wounded.
* * * LOW HITPOINT WARNING * * *
You feel sick. The scorpion stings you.
* * * LOW HITPOINT WARNING * * *
You are more poisoned.
The scorpion poisons you!
You hit the scorpion.
The scorpion is almost dead.
You die...

###
#<#
#@#
#s#
.(#
####


You could see a scorpion.

Vanquished Creatures
  An orc priest (D:3)
  A dart slug (D:3)
  4 orcs (D:3)
  3 bats
  3 endoplasms
  3 giant cockroaches (D:1)
  3 goblins
  3 hobgoblins
  3 kobolds
  A ball python (D:2)
  2 frilled lizards
  2 rats
29 creatures vanquished.

Notes
Turn   | Place    | Note
-------+----------+-------------------------------------------
     0 | D:1      | ChrisAssaf the Human Enchanter began the quest for the Orb.
     0 | D:1      | Reached XP level 1. HP: 13/13 MP: 3/3
   316 | D:1      | Reached XP level 2. HP: 19/19 MP: 5/5
   319 | D:1      | Learned a level 2 spell: Ensorcelled Hibernation
   410 | D:1      | Found Busoas's General Store.
   908 | D:2      | Identified the +0 pair of gloves of Lamo {rF+ Dex+3}
  1024 | D:2      | Reached XP level 3. HP: 23/24 MP: 3/6
  1092 | D:1      | Bought a scroll of identify for 28 gold pieces
  1105 | D:1      | Learned a level 3 spell: Tukima's Dance
  1107 | D:1      | Learned a level 1 spell: Beastly Appendage
  1226 | D:3      | Found a sacrificial altar of Ru.
  1234 | D:3      | Became a worshipper of Ru the Awakened
  1386 | D:3      | Found a shadowy altar of Dithmenos.
  1497 | D:3      | Reached skill level 1 in Ice Magic
  1504 | D:3      | Reached XP level 4. HP: 21/31 MP: 1/7
  1747 | D:4      | Noticed a scorpion
  1768 | D:4      | HP: 1/31 [scorpion (4)]
  1769 | D:4      | Succumbed to a scorpion's poison

Illustrated notes

Levels and vault maps discovered:
D:1:      roderic_octagonal_star, layout_loops_corners,
          ebering_ecumenical_altar_sacrificial, serial_shops,
          nicolae_diamond_shop
D:2:      layout_basic, corexii_hall_statues_t, kennysheep_cluttered_room
D:3:      layout_basic, mainiacjoe_overflow_six_doors_small,
          mainiacjoe_overflow_alcove_2, mainiacjoe_overflow_small_starburst,
          ebering_ghost_reflecting_pool
D:4:      layout_basic, nicolae_gozag_cash_rules_everything_around_me,
          temple_fountains

Skill      XL: |  1  2  3 |
---------------+----------+-----
Ice Magic      | 1 |  1.1
Fighting       | |  0.5
Short Blades   | |  1.3
Throwing       | |  0.3
Armour         | |  0.4
Dodging        | |  2.2
Stealth        | |  3.5
Spellcasting   | |  2.2
Hexes          | |  3.3
Transmutations | |  0.2

Action                   |  1- 3 |  4- 6 || total
-------------------------+-------+-------++-------
Melee: Dagger            |    72 |    18 ||    90
       Punch             |     1 |       ||     1
       Headbutt          |     1 |       ||     1
Throw: Throwing net      |     2 |     3 ||     5
 Cast: Ensorcelled Hiber |    19 |     3 ||    22
       Tukima's Dance    |     2 |       ||     2
       Beastly Appendage |     1 |       ||     1
  Use: Potion            |     3 |     1 ||     4
       Scroll            |     4 |       ||     4
 Stab: Sleeping          |    12 |       ||    12
       Invisible         |     2 |       ||     2
       Held in net/web   |     1 |     1 ||     2
Armor: Robe              |    14 |     3 ||    17
Dodge: Dodged            |    64 |     8 ||    72
